 Dungeon Crawl Stone Soup version 0.30.1-11-g7821555f0a (console) character file.

Game seed: 7349242541117550085

5952 chujev the Fighter (level 10, -2/94 HPs)
             Began as a Hill Orc Fighter on Nov 30, 2023.
             Was a Follower of Beogh.
             Killed from afar by a raiju (15 damage)
             ... with a living lightning
             ... on level 1 of the Abyss.
             The game lasted 00:18:08 (7004 turns).

chujev the Fighter (Hill Orc Fighter)               Turns: 7004, Time: 00:18:09

Health: -2/94      AC: 10    Str: 24    XL:     10   Next: 84%
Magic:  15/15      EV: 10    Int:  8    God:    Beogh [*.....]
Gold:   273        SH:  5    Dex:  7    Spells: 9/9 levels left

rFire   . . .        a - +0 war axe (protect)
rCold   . . .        c - +0 buckler
rNeg    . . .        f - +3 leather armour "Reyq" {Regen+ Dex-3 Slay+3}
rPois   +            (no helmet)
rElec   .            (no cloak)
rCorr   .            (no gloves)
SInv    .            H - +2 pair of boots {Stlth+}
Will    .....        (no amulet)
Stlth   ++           j - +4 ring of slaying
HPRegen 1.15/turn    i - ring of poison resistance
MPRegen 0.14/turn

%: no passive effects
@: about to teleport
A: no striking features
a: Renounce Religion


You were on level 1 of the Abyss.
You worshipped Beogh.
Beogh was aware of your devotion.
You visited 2 branches of the dungeon, and saw 10 of its levels.
You visited the Abyss 1 time.

You collected 668 gold pieces.
You spent 395 gold pieces at shops.

Inventory:

Hand Weapons
 a - a +0 war axe of protection (weapon)
Missiles
 z - 2 poisoned darts (quivered)
 O - 3 boomerangs
Armour
 c - a +0 buckler (worn)
 f - the +3 leather armour "Reyq" (worn) {Regen+ Dex-3 Slay+3}
   (You took it off a goblin on level 3 of the Dungeon)

   Dex:       It affects your dexterity (-3).
   Slay:      It affects your accuracy & damage with ranged weapons and melee
   (+3).
   Regen:     It increases your rate of health regeneration.
 H - a +2 pair of boots of stealth (worn)
Jewellery
 i - a ring of poison resistance (right hand)
 j - a +4 ring of slaying (left hand)
 p - a ring of see invisible
 q - a ring of ice
 v - a ring of protection from cold
 w - a ring of fire
 G - a ring of protection from cold
 N - a +5 ring of evasion
 P - a ring of willpower
Wands
 x - a wand of polymorph (3)
 y - a wand of paralysis (6)
Scrolls
 b - 2 scrolls of amnesia {unknown}
 g - 2 scrolls of enchant weapon
 k - 3 scrolls of poison
 m - a scroll of teleportation
 r - 2 scrolls of vulnerability {unknown}
 t - a scroll of brand weapon
 A - a scroll of silence {unknown}
 B - a scroll of enchant armour
 D - 3 scrolls of magic mapping
 E - 2 scrolls of immolation
 F - 2 scrolls of fog {unknown}
 J - a scroll of butterflies {unknown}
Potions
 d - 2 potions of mutation
 e - a potion of lignification {unknown}
 h - 2 potions of magic {unknown}
 s - a potion of attraction
 u - 3 potions of curing
 C - 2 potions of brilliance
 I - a potion of might
 M - a potion of degeneration {unknown}


   Skills:
 * Level 10.9 Fighting
 + Level 8.4 Axes
 + Level 5.2 Throwing
 + Level 7.4 Armour
 + Level 7.2 Shields
 + Level 7.8 Invocations


You had 9 spell levels left.
You didn't know any spells.
Your spell library contained the following spells:

 Spells                   Type           Power      Damage    Failure   Level
 Necrotise                Necr           0%         1d4       50%         1
 Cigotuvi's Dreadful Rot  Necr/Pois/Air  0%         N/A       65%         2
 Lesser Beckoning         Tloc           0%         N/A       65%         2
 Gell's Gravitas          Tloc           0%         N/A       86%         3
 Ignite Poison            Fire/Tmut/Pois 0%         N/A       86%         3
 Teleport Other           Tloc           0%         N/A       86%         3
 Vampiric Draining        Necr           0%         2d6       86%         3
 Agony                    Necr           0%         N/A       100%        5
 Freezing Cloud           Conj/Ice/Air   0%         6-21      100%        5


Dungeon Overview and Level Annotations

Branches:
Dungeon (9/15)             Temple (1/1) D:4            Lair (0/5) D:9
    Orc: D:9-12

Altars:
Ashenzari
Cheibriados
Dithmenos
Elyvilon
Fedhas
Gozag
Hepliaklqana
Kikubaaqudgha
Makhleb
Nemelex Xobeh
Okawaru
Qazlal
Ru
Sif Muna
Trog
Uskayaw
Vehumet
Wu Jian
Xom
Yredelemnul
Zin
The Shining One

Shops:
D:4 **[?   D:8 *

Annotations:
D:9 Erolcha


Message History

A starcursed mass splits.
The raiju bursts into living lightning!
The living lightning hits the raiju.
The raiju completely resists.
The living lightning hits you!!
The raiju blinks! x3
A glowing orange brain comes into view.
The raiju bursts into living lightning!
The living lightning hits you.
The raiju blinks! x2
The raiju attacks as you move away! The raiju bites you but does no damage.
The raiju bursts into living lightning!
The living lightning hits the raiju.
The raiju completely resists.
The living lightning hits you!
The raiju blinks!
The raiju attacks as you move away! The raiju closely misses you.
A chorus of shrieks assaults your mind.
As you read the scroll of teleportation, it crumbles to dust.
You feel strangely unstable.
You feel the power of the Abyss delaying your translocation!
The starcursed mass shrieks in your mind.
You block the raiju's attack.
The raiju bursts into living lightning!
The living lightning hits you!
* * * LOW HITPOINT WARNING * * *
The raiju blinks!
The blink frog croaks.
The raiju bursts into living lightning!
The living lightning hits you.
* * * LOW HITPOINT WARNING * * *
The raiju blinks!
The blink frog attacks as you move away!
The blink frog hits you.
* * * LOW HITPOINT WARNING * * *
The raiju bursts into living lightning!
The living lightning hits you!
* * * LOW HITPOINT WARNING * * *
The raiju blinks!
You feel better. The blink frog closely misses you.
The blink frog hits you but does no damage.
A wretched star comes into view.
The raiju bursts into living lightning!
The living lightning hits you!
You die...

.# §#### ##
..# ... .#
#... ##..
#.##.#..
#..##......
#. #...#...#
#..#@..#...#
#..h.F#h...#
#...#...###.#
#..###.#.#
##. ##### .§
#. #*


You could see a wretched star (wandering), 2 raiju and a blink frog.

Vanquished Creatures
  A thrashing horror (Abyss:1)
  A komodo dragon (D:9)
  A hellwing (Abyss:1)
  A flying skull (Abyss:1)
  2 shadows
  A large abomination (Abyss:1)
  6 yaks (D:9)
  A steam dragon (D:8)
  An acid dragon (D:9)
  A water moccasin (D:8)
  A small abomination (Abyss:1)
  2 orc warriors
  4 ice beasts
  A sky beast (D:7)
  2 black bears
  An ogre (D:4)
  A centaur (D:6)
  A phantom (D:5)
  5 bullfrogs
  4 scorpions
  4 wights (D:7)
  6 killer bees (D:8)
  3 howler monkeys (D:9)
  A quasit (D:7)
  2 jellies
  2 hounds
  An iron imp (Abyss:1)
  2 gnoll boudas
  A sleepcap (D:6)
  Ijyb (D:4)
  Terence (D:2)
  2 iguanas
  4 orc wizards
  3 adders
  17 gnolls
  3 shadow imps
  2 white imps
  An ufetubus (D:7)
  3 worms (D:2)
  3 dart slugs
  24 orcs
  9 ball pythons
  10 endoplasms
  3 giant cockroaches
  6 goblins
  3 hobgoblins (D:1)
  8 jackals
  2 quokkas
  7 bats
  5 frilled lizards
  8 kobolds
  4 rats
189 creatures vanquished.

Vanquished Creatures (others)
  An orc priest (D:8)
  An ufetubus (Abyss:1)
  An orc (D:8)
  2 kobolds (D:8)
5 creatures vanquished.

Grand Total: 194 creatures vanquished

Notes
Turn   | Place    | Note
-------+----------+-------------------------------------------
     0 | D:1      | chujev the Hill Orc Fighter began the quest for the Orb.
     0 | D:1      | Reached XP level 1. HP: 19/19 MP: 1/1
   272 | D:1      | Reached XP level 2. HP: 25/27 MP: 2/2
   381 | D:1      | Reached skill level 4 in Fighting
   468 | D:1      | Reached skill level 1 in Invocations
   470 | D:1      | Reached XP level 3. HP: 33/33 MP: 3/3
  1174 | D:2      | Reached XP level 4. HP: 40/41 MP: 5/5
  1199 | D:2      | Noticed Terence
  1207 | D:2      | Killed Terence
  1208 | D:2      | Reached skill level 1 in Throwing
  1746 | D:3      | Found a sacrificial altar of Ru.
  1756 | D:3      | Identified the +3 leather armour "Reyq" {Regen+ Dex-3
                  | Slay+3}
  1923 | D:3      | Identified the +2 robe of Didduerucw {Int+6}
  2215 | D:4      | Found Zaqovedu's General Store.
  2219 | D:4      | Reached XP level 5. HP: 47/47 MP: 6/6
  2227 | D:4      | Reached skill level 5 in Fighting
  2228 | D:4      | Noticed an ogre
  2240 | D:4      | Killed an ogre
  2241 | D:4      | Reached XP level 6. HP: 34/56 MP: 6/8
  2283 | D:4      | Found a staircase to the Ecumenical Temple.
  2287 | D:4      | Found Zeastugu's Magic Scroll Emporium.
  2301 | D:4      | Found a snail-covered altar of Cheibriados.
  2303 | Temple   | Entered the Ecumenical Temple
  2532 | D:4      | Noticed Ijyb
  2544 | D:4      | Killed Ijyb
  2630 | D:4      | Bought a scroll of enchant armour for 75 gold pieces
  2630 | D:4      | Bought a scroll of enchant weapon for 75 gold pieces
  2630 | D:4      | Bought 3 scrolls of identify for 60 gold pieces
  2630 | D:4      | Bought a scroll of teleportation for 30 gold pieces
  2682 | D:4      | Found a shimmering altar of Xom.
  2773 | D:4      | Found Rodd's General Store.
  2872 | D:4      | Found Luluff's Antique Armour Shop.
  2929 | D:5      | Entered Level 5 of the Dungeon
  2954 | D:5      | Reached skill level 6 in Fighting
  3065 | D:5      | Noticed an ice beast
  3074 | D:5      | Reached XP level 7. HP: 50/63 MP: 9/9
  3237 | D:5      | Reached skill level 5 in Axes
  3256 | D:5      | Found a radiant altar of Vehumet.
  3256 | D:5      | Found a hazy altar of Hepliaklqana.
  3262 | D:5      | Reached XP level 8. HP: 61/71 MP: 11/11
  3635 | D:5      | Reached skill level 7 in Fighting
  3675 | D:6      | Found a broken altar of Ashenzari.
  3681 | D:6      | Found a basalt altar of Yredelemnul.
  3694 | D:6      | Reached skill level 5 in Armour
  3749 | D:6      | Reached skill level 5 in Shields
  4073 | D:6      | Found an ancient bone altar of Kikubaaqudgha.
  4140 | D:6      | Noticed a shadow
  4145 | D:6      | Killed a shadow
  4146 | D:6      | Reached skill level 5 in Invocations
  4187 | D:6      | Reached skill level 8 in Fighting
  4207 | D:6      | Found an ornate altar of the Wu Jian Council.
  4526 | D:7      | Reached XP level 9. HP: 36/81 MP: 13/13
  4790 | D:4      | Bought a potion of mutation for 80 gold pieces
  4790 | D:4      | Bought a scroll of blinking for 75 gold pieces
  5392 | D:8      | Found Tiqaetil's General Store.
  5411 | D:8      | Reached skill level 9 in Fighting
  5440 | D:8      | Became a worshipper of Beogh the Brigand
  5858 | D:8      | Found an iron altar of Okawaru.
  6047 | D:8      | Reached XP level 10. HP: 92/92 MP: 13/15
  6163 | D:9      | Reached skill level 10 in Fighting
  6174 | D:9      | Reached * piety under Beogh
  6224 | D:9      | Found a staircase to the Lair.
  6328 | D:9      | Found a glowing golden altar of the Shining One.
  6355 | D:9      | Noticed Erolcha
  6364 | D:9      | Paralysed by Erolcha for 5 turns
  6369 | Abyss:1  | Cast into level 1 of the Abyss (Erolcha)
  6385 | Abyss:1  | Noticed a wretched star
  6403 | Abyss:1  | Noticed a smoke demon
  6418 | Abyss:1  | Noticed a thrashing horror
  6438 | Abyss:1  | Killed a thrashing horror
  6439 | Abyss:1  | Reached skill level 5 in Throwing
  6442 | Abyss:1  | Noticed a large abomination
  6522 | Abyss:1  | Noticed a large abomination
  6522 | Abyss:1  | Noticed a thrashing horror
  6540 | Abyss:1  | HP: 1/94 [large abomination (16)]
  6655 | Abyss:1  | Found a corrupted altar of Lugonu.
  6659 | Abyss:1  | Noticed a large abomination
  6705 | Abyss:1  | Noticed a hellion
  6709 | Abyss:1  | Noticed a starcursed mass
  6745 | Abyss:1  | Noticed a red very ugly thing
  6860 | Abyss:1  | Found a corrupted altar of Lugonu.
  6866 | Abyss:1  | Noticed a thrashing horror
  6883 | Abyss:1  | Found a corrupted altar of Lugonu.
  6916 | Abyss:1  | Noticed an ancient lich
  6933 | Abyss:1  | Found a corrupted altar of Lugonu.
  6972 | Abyss:1  | Noticed a starcursed mass
  6991 | Abyss:1  | Noticed a glowing orange brain
  6992 | Abyss:1  | Noticed a starcursed mass
  7001 | Abyss:1  | HP: 3/94 [raiju/living lightning (14)]
  7004 | Abyss:1  | Noticed a wretched star
  7004 | Abyss:1  | Killed from afar by a raiju

Illustrated notes

Levels and vault maps discovered:
D:1:      dpeg_arrival_windows_large_door, layout_basic, chequers_mini_garden,
          palyth_stone_intersect
D:2:      layout_loops_ring, uniq_terence
D:3:      layout_rooms, lemuel_crystal_altar, minivault_26
D:4:      layout_rooms, xom_teletrap_fun, amcnicky_altar_gilded, temple_statues,
          serial_shops, shop, shop, kennysheep_mini,
          nicolae_shop_pleasant_corner_grove, st_stairs_4, uniq_ijyb
D:5:      layout_basic, jmf_multi_god_temple
D:6:      layout_basic, nicolae_overflow_hidden_temple,
          mainiacjoe_overflow_small_starburst,
          mainiacjoe_overflow_catwalk_spiral
D:7:      layout_basic, serial_demonic, serial_demonic_d, serial_demonic_g,
          serial_demonic_b, serial_demonic_e
D:8:      layout_cave_pools, mainiacjoe_overflow_six_doors_small, serial_shops,
          nicolae_shop_hallway_stairs, hangedman_decor_push, nrook_uturn,
          item_on_display_a
D:9:      layout_rooms, nicolae_tso_swordbearing_angel, david_lair_shrubbed,
          uniq_erolcha
Temple:   grunt_temple_mini_profane
Abyss:1:  base: D:6, hangedman_abyss_or_decor_clamps,
          hangedman_abyss_or_decor_clamps, evilmike_abyss_exit_4,
          lemuel_flamethrower_hall, minivault_25_ag

Skill      XL: |  1  2  3  4  5  6  7  8  9 10 |
---------------+-------------------------------+-----
Fighting       | 4 5 6 8 9 10 | 10.9
Invocations    | 1 2 3 4 5 6 7 |  7.8
Axes           | 3 4 5 6 7 8 |  8.4
Throwing       | 1 2 3 4 5 |  5.2
Armour         | 4 5 6 7 |  7.4
Shields        | 4 5 6 7 |  7.2

Action                     |  1- 3 |  4- 6 |  7- 9 | 10-12 || total
---------------------------+-------+-------+-------+-------++-------
  Melee: War axe           |    84 |   107 |   236 |    94 ||   521
 Invoke: Convert to Beogh  |       |       |     1 |       ||     1
    Use: Scroll            |       |     6 |     4 |     8 ||    18
         Potion            |       |     2 |       |     6 ||     8
   Stab: Sleeping          |       |       |       |     1 ||     1
 Armour: Scale mail        |    38 |     6 |       |       ||    44
         Leather armour    |       |    22 |   128 |    51 ||   201
  Dodge: Dodged            |    39 |    47 |   157 |    59 ||   302
  Block: Buckler           |    15 |    25 |    55 |    31 ||   126
